 Dungeon Crawl Stone Soup version 0.31.0-11-ge490571c62 (webtiles) character file.

Game seed: 9082676513631226989

3463 browni3141 the Cleaver (level 9, -6/82 HPs)
             Began as a Minotaur Fighter on Jan 27, 2024.
             Was a Priest of Okawaru.
             Mangled by a red devil
             ... wielding a +0 spear
              (11 damage)
             ... on level 8 of the Dungeon.
             The game lasted 00:03:34 (5399 turns).

browni3141 the Cleaver (Minotaur Fighter)           Turns: 5399, Time: 00:03:35

Health: -6/82      AC: 12    Str: 24    XL:     9   Next: 78%
Magic:  6/9        EV: 11    Int:  5    God:    Okawaru [***...]
Gold:   361        SH: 13    Dex: 17    Spells: 8/8 levels left

rFire   . . .        a - +0 war axe
rCold   . . .        c - +0 buckler
rNeg    . . .        q - +0 chain mail
rPois   .            (helmet restricted)
rElec   .            (no cloak)
rCorr   .            (no gloves)
SInv    +            (no boots)
Will    .....        e - amulet of reflection Stlth
                     p - ring of see invisible
HPRegen 0.33/turn    r - +6 ring of dexterity
MPRegen 0.11/turn

%: reflection
@: heroic, spiked
A: horns 2, retaliatory headbutt
a: Renounce Religion, Heroism


You were on level 8 of the Dungeon.
You worshipped Okawaru.
Okawaru was most pleased with you.
You visited 2 branches of the dungeon, and saw 9 of its levels.

You collected 361 gold pieces.

Inventory:

Hand Weapons
 a - a +0 war axe (weapon)
Missiles
 j - a throwing net (quivered)
 s - 6 boomerangs
Armour
 b - a +0 scale mail
 c - a +0 buckler (worn)
 q - a +0 chain mail (worn)
Jewellery
 e - an amulet of reflection (around neck)
 p - a ring of see invisible (left hand)
 r - a +6 ring of dexterity (right hand)
Wands
 l - a wand of flame (27)
Scrolls
 d - a scroll of teleportation {unknown}
 f - 9 scrolls of identify {unknown}
 g - a scroll of enchant armour {unknown}
 k - a scroll of fog {unknown}
 o - a scroll of brand weapon {unknown}
 t - a scroll of noise {unknown}
Potions
 h - a potion of degeneration {unknown}
 i - 2 potions of curing {unknown}
 m - a potion of mutation {unknown}
 n - a potion of brilliance {unknown}
 u - a potion of heal wounds {unknown}


   Skills:
 + Level 8.3(13.3) Fighting
 * Level 10.8(15.8) Axes
 + Level 8.3(13.3) Armour
 + Level 8.2(13.2) Shields
 * Level 1.4 Invocations


You had 8 spell levels left.
You didn't know any spells.
Your spell library contained the following spells:

 Spells                   Type           Power      Damage    Failure   Level
 Magic Dart               Conj           0%         1d3       91%         1
 Blink                    Tloc           0%         N/A       97%         2
 Jinxbite                 Hex            0%         N/A       97%         2
 Sublimation of Blood     Necr           0%         N/A       97%         2
 Anguish                  Hex/Necr       0%         N/A       100%        4
 Cause Fear               Hex            0%         N/A       100%        4
 Petrify                  Alch/Erth      0%         N/A       100%        4
 Irradiate                Conj/Alch      0%         3d11      100%        5
 Yara's Violent Unravell  Hex/Alch       0%         3d3       100%        5
 Enfeeble                 Hex            0%         N/A       100%        7
 Call Imp                 Summ           Unusable   N/A       N/A         2

Dungeon Overview and Level Annotations

Branches:
Dungeon (8/15)             Temple (1/1) D:5
   Lair: D:8-11

Altars:
Ashenzari
Cheibriados
Dithmenos
Elyvilon
Gozag
Hepliaklqana
Kikubaaqudgha
Nemelex Xobeh
Okawaru
Qazlal
Ru
Trog
Uskayaw
Wu Jian
Xom
Yredelemnul
Zin
The Shining One

Shops:
D:1 =

Annotations:
D:5 1 runed translucent door
D:8 Psyche


Innate Abilities, Weirdness & Mutations

You have a pair of horns on your head.
You reflexively headbutt those who attack you in melee.


Message History

Okawaru accepts your kill.
You slash the wight! The wight hits you with a +5 flail.
You completely miss the wight. Your headbutt misses the wight.
The wight is almost destroyed.
You block the wight's attack.
You closely miss the wight.
The wight is almost destroyed.
The wight hits you with a +5 flail.
You slash the wight!
You destroy the wight!
Okawaru accepts your kill.
Things that are here:
a +5 flail; a +0 robe No target in view!
HP restored.
Things that are here:
a +1 dagger; a +0 robe
Things that are here:
a +5 flail; a +0 robe
Things that are here:
a +0 leather armour; a +3 dagger; an orc skeleton Key pressed, stopping explore.
You see here a +0 halberd.
Things that are here:
a +0 robe; a +4 halberd
There is a glowing golden altar of the Shining One here.
Things that are here:
a +0 club; a gnoll skeleton
j - 4 throwing nets (gained 2)
Items here: ))) [ ÷.
Things that are here:
a +0 spear; a gnoll skeleton
Found a stone staircase leading down.
There is a stone staircase leading down here.
You see here a +0 ring mail.
You now have 339 gold pieces (gained 18).
You see here a +0 sling.
You now have 361 gold pieces (gained 22).
Found a stone staircase leading up.
A red devil comes into view. It is wielding a +0 trident.
A red devil is nearby!
An orc warrior comes into view. It is wielding a +0 trident.
The orc warrior shouts!
A red devil comes into view. It is wielding a +0 spear.
The red devil hits you from afar with a +0 trident!
Barbed spikes become lodged in your body.
Okay, then.
You gain the combat prowess of a mighty hero.
The red devil throws a boomerang.
The boomerang hits you!
The barbed spikes dig painfully into your body as you move.
The red devil barely misses you. You block the red devil's attack.
Throw: 4 throwing nets
Press: ? - help, Q - select action, (/) - cycle Shift-Dir - straight line, f - red devil
Aim: a red devil, wielding a +0 trident and quivering boomerangs (57% to hit)
You throw a throwing net. The throwing net hits the red devil.
The red devil is caught in the net!
The red devil struggles against the net.
You block the red devil's attack.
You catch the helpless red devil completely off-guard!
You hit the red devil but do no damage. You headbutt the red devil!
The red devil is heavily wounded.
The red devil hits you but does no damage.
The red devil struggles against the net.
You hit the red devil.
The red devil is severely wounded.
You hit the red devil. You headbutt the red devil.
The red devil is almost dead.
The red devil hits you from afar with a +0 spear!
Barbed spikes become lodged in your body.
The red devil struggles against the net.
You catch the helpless red devil completely off-guard!
You hit the red devil.
You kill the red devil!
Okawaru is honoured by your kill.
The red devil hits you but does no damage.
A red devil comes into view. It is wielding a +0 spear.
Your life force feels restored.
Your Invocations skill increases to level 1!
Unknown command.
The barbed spikes dig painfully into your body as you move.
The orc warrior hits you from afar with a +0 trident.
The red devil hits you with a +0 spear!
Barbed spikes become lodged in your body.
Things that are here:
a +0 trident; 4 boomerangs Throw: 3 throwing nets
Press: ? - help, Q - select action, (/) - cycle Shift-Dir - straight line, f - red devil
Aim: a red devil, wielding a +0 spear and wearing a +0 ring mail (60% to hit)
You throw a throwing net.
The throwing net barely misses the red devil.
The throwing net closely misses the orc warrior.
Throw: 2 throwing nets
Press: ? - help, Q - select action, (/) - cycle Shift-Dir - straight line, f/p - red devil
Aim: a red devil, wielding a +0 spear and wearing a +0 ring mail (60% to hit)
You throw a throwing net. The throwing net hits the red devil.
The red devil is caught in the net!
The red devil struggles against the net.
The orc warrior hits you from afar with a +0 trident!
The red devil hits you from afar with a +0 spear!
You die...

......#.# .....##
# #...## .....##
##.####... ......
.........≈ .≈§.#
..######.≈ # .≈.#
..# ##. ..# ..#
###...###.# ..#
(....o4@..### .##
###..4###...# .#
##.##§.§#.# .# #
#§§≈§#.######. .#
.#.#§≈§.........<
.#
§...§§§..########
.# ##.#####.# .#
#.......# ##
#######.#


You could see 2 red devils and an orc warrior.

Vanquished Creatures
  A red devil (D:8)
  5 yaks (D:7)
  A vampire mosquito (D:5)
  An orc warrior (D:8)
  2 ice beasts
  An ogre (D:4)
  2 phantoms (D:4)
  A bullfrog (D:7)
  8 scorpions (D:5)
  A burial acolyte (D:5)
  4 wights
  5 killer bees
  A hound (D:7)
  9 orc priests
  3 bombardier beetles
  2 gnoll boudas
  A sleepcap (D:5)
  Ijyb (D:4)
  3 iguanas
  2 orc wizards
  3 hound zombies (D:5)
  11 gnolls
  3 adders
  2 shadow imps (D:5)
  2 dart slugs
  A ribbon worm (D:4)
  21 orcs
  6 ball pythons
  7 endoplasms
  5 giant cockroaches
  3 gnoll zombies (D:5)
  2 goblins
  7 hobgoblins
  4 jackals (D:1)
  2 kobolds (D:4)
  2 quokkas (D:1)
  2 frilled lizards (D:1)
  A kobold zombie (D:5)
  3 rats (D:1)
  A butterfly (D:5)
142 creatures vanquished.

Notes
Turn   | Place    | Note
-------+----------+-------------------------------------------
     0 | D:1      | browni3141 the Minotaur Fighter began the quest for the
                  | Orb.
     0 | D:1      | Reached XP level 1. HP: 19/19 MP: 0/0
   211 | D:1      | Reached XP level 2. HP: 27/27 MP: 1/1
   315 | D:1      | Reached skill level 3 in Axes
   335 | D:1      | Found Echonao's Jewellery Shoppe.
   519 | D:1      | Reached XP level 3. HP: 26/33 MP: 2/2
   613 | D:3      | Identified the +7 flail of Biselabi {freeze, rC+}
   648 | D:4      | HP: 1/33 [orc/+0 hand axe (6)]
   777 | D:4      | Noticed an ogre
   783 | D:4      | Killed an ogre
   784 | D:4      | Reached skill level 4 in Axes
   784 | D:4      | Reached XP level 4. HP: 16/41 MP: 3/3
   904 | D:4      | Reached XP level 5. HP: 25/47 MP: 4/4
   905 | D:4      | Noticed a phantom
   915 | D:4      | Killed a phantom
   916 | D:4      | Reached skill level 5 in Axes
  1093 | D:4      | Reached XP level 6. HP: 55/55 MP: 5/5
  1169 | D:4      | Found a bloodstained altar of Trog.
  1217 | D:4      | Reached skill level 5 in Fighting
  1217 | D:4      | HP: 1/56 [burnt (5)]
  1459 | D:4      | Reached skill level 5 in Armour
  1459 | D:4      | Reached skill level 5 in Shields
  1679 | D:4      | Reached skill level 6 in Axes
  1786 | D:4      | Noticed Ijyb
  1797 | D:4      | Killed Ijyb
  2152 | D:4      | Reached XP level 7. HP: 61/61 MP: 6/6
  2280 | D:5      | Entered Level 5 of the Dungeon
  2305 | D:5      | Found an opulent altar of Gozag.
  2369 | D:5      | Found a staircase to the Ecumenical Temple.
  2426 | Temple   | Entered the Ecumenical Temple
  2628 | Temple   | Became a worshipper of Warmaster Okawaru
  3100 | D:5      | Found an ancient bone altar of Kikubaaqudgha.
  3116 | D:5      | Reached skill level 7 in Axes
  3246 | D:5      | Found a runed translucent door.
  3253 | D:5      | Reached XP level 8. HP: 70/70 MP: 7/7
  3253 | D:5      | Found a runed translucent door.
  3263 | D:5      | Reached * piety under Okawaru
  3269 | D:5      | Reached skill level 8 in Axes
  3601 | D:6      | Reached skill level 9 in Axes
  3840 | D:7      | Reached ** piety under Okawaru
  3841 | D:7      | Reached XP level 9. HP: 64/79 MP: 8/8
  3872 | D:7      | Reached skill level 10 in Axes
  4653 | D:8      | Found a sparkling altar of Nemelex Xobeh.
  4665 | D:8      | Noticed Psyche
  4919 | D:8      | Found a glowing golden altar of the Shining One.
  5387 | D:8      | Noticed a red devil
  5388 | D:8      | Noticed a red devil
  5396 | D:8      | Killed a red devil
  5396 | D:8      | Reached *** piety under Okawaru
  5396 | D:8      | Noticed a red devil
  5397 | D:8      | Reached skill level 1 in Invocations
  5399 | D:8      | Mangled by a red devil

Illustrated notes

Levels and vault maps discovered:
D:1:      dpeg_arrival_chambers_temple_mockup, layout_basic, serial_shops,
          nicolae_shop_tiny_statue_garden, chequers_serial_rivers_marsh
D:2:      layout_rooms, basic_altar, guppyfry_early_orc_mine
D:3:      layout_basic, grunt_ministairs_3, uniq_natasha, uniq_sigmund,
          uniq_crazy_yiuf_cottage
D:4:      layout_gridville, trog_hazing_becter, uniq_ijyb
D:5:      lemuel_insect_pit, layout_rooms, nicolae_gozag_seed_capital,
          regret_index_kikubaaqudgha_part_by_part, minmay_temple_entry_glass,
          hangedman_decor_diamond_cutter, kennysheep_small_spiral
D:6:      lemuel_castle_with_subvaults [lemuel_castle_interior_carwin_3],
          layout_loops_ring, grunt_temple_overflow_lords_of_destruction,
          gammafunk_ghost_hive
D:7:      layout_basic
D:8:      layout_loops_ring, lemuel_tele_altar, overflow_temple_1_default,
          chequers_serial_rivers_large_b, einodemon_armed_red_devil_minivault,
          uniq_psyche
Temple:   nicolae_temple_ecumenical_triangle

Skill      XL: |  1  2  3  4  5  6  7  8  9 |
---------------+----------------------------+-----
Axes           | 3 4 5 6 7 9 10 | 10.8
Fighting       | 4 5 6 7 8 |  8.3
Armour         | 4 5 6 7 8 |  8.3
Shields        | 4 5 6 7 8 |  8.2
Invocations    | 1 |  1.4

Action                     |  1- 3 |  4- 6 |  7- 9 || total
---------------------------+-------+-------+-------++-------
  Melee: War axe           |    54 |    73 |   259 ||   386
         Headbutt          |     7 |    18 |    49 ||    74
  Throw: Throwing net      |       |       |     4 ||     4
 Invoke: Heroism           |       |       |     2 ||     2
    Use: Potion            |       |       |     1 ||     1
   Stab: Held in net/web   |       |       |     2 ||     2
 Armour: Scale mail        |    37 |    58 |    69 ||   164
         Chain mail        |       |       |    94 ||    94
  Dodge: Dodged            |    26 |    24 |    93 ||   143
  Block: Buckler           |    14 |    14 |   160 ||   188
         Reflection        |       |       |     2 ||     2
